 Dungeon Crawl Stone Soup version 0.32-a0-643-ga006e7742e (webtiles) character file.

Game seed: 14727733573806712105

6160 runemasterragnar the Grappler (level 10, -4/68 HPs)
             Began as an Octopode Shapeshifter on Mar 8, 2024.
             Was an Initiate of Gozag.
             Slain by a kobold brigand
             ... wielding a +0 whip
              (9 damage)
             ... on level 10 of the Dungeon.
             The game lasted 00:13:48 (9392 turns).

runemasterragnar the Grappler (OpSh)                Turns: 9392, Time: 00:13:49

Health: -4/68      AC:  3    Str: 17    XL:     10   Next: 90%
Magic:  10/10      EV: 20    Int: 14    God:    Gozag
Gold:   600        SH:  0    Dex: 17    Spells: 9/9 levels left

rFire   + +          +
                       - Unarmed
rCold   + + .        (shield currently unavailable)
rNeg    + . .        l - +2 hat of Bedazzled Happiness {^Drain rF++ rN+}
rPois   +            (no amulet)
rElec   +            k - +6 ring of dexterity
rCorr   +            r - ring of resist corrosion
SInv    .            B - ring of protection from cold
Will    .....        (no ring)
Stlth   ++           (no ring)
HPRegen 0.31/turn    (no ring)
MPRegen 0.12/turn    (no ring)
                     (no ring)

%: no passive effects
@: mighty, flux-form, resistant, gold aura, slowed, glowing, very slow
A: glow, contaminating, almost no armour, amphibious, 8 rings, camouflage 1,
gelatinous body 1, (nimble swimmer 1), tentacles
a: Begin Untransformation, Renounce Religion, Potion Petition, Call Merchant,
Bribe Branch


You were on level 10 of the Dungeon.
You worshipped Gozag.
Gozag was pleased with you.
You were something dangerously unstable.
You visited 2 branches of the dungeon, and saw 11 of its levels.

You collected 1118 gold pieces.
You paid 518 gold pieces to Gozag.

Inventory:

Hand Weapons
 q - the +7 sling "Kimnaw" {drain, MP+9 Stlth+}
   (You found it on level 2 of the Dungeon)

   MP+9:      It affects your magic capacity (+9).
   Stlth+:    It makes you more stealthy.
Missiles
 p - 21 boomerangs (quivered)
 w - a throwing net
Armour
 d - a +1 kite shield of protection
 l - the +2 hat of Bedazzled Happiness (worn) {^Drain rF++ rN+}
   (You acquired it on level 3 of the Dungeon)

   rF++:      It greatly protects you from fire.
   rN+:       It protects you from negative energy.
   ^Drain:    It drains your maximum health when unequipped.
Jewellery
 j - a ring of fire
 k - a +6 ring of dexterity (left tentacle)
 r - a ring of resist corrosion (right tentacle)
 u - a ring of ice
 B - a ring of protection from cold (on tentacle)
Talismans
 b - a beast talisman
 c - a flux talisman (active)
 y - a blade talisman
Wands
 a - a wand of charming (21)
 C - a wand of mindburst (3)
 E - a wand of flame (3)
Scrolls
 e - 2 scrolls of amnesia
 i - 2 scrolls of teleportation
 s - 4 scrolls of identify
 t - a scroll of fear
 z - a scroll of enchant weapon {unknown}
 A - 2 scrolls of enchant armour {unknown}
 D - a scroll of vulnerability
 F - a scroll of immolation
Potions
 f - a potion of enlightenment {unknown}
 g - 3 potions of curing
 h - 2 potions of brilliance
 m - a potion of haste {unknown}
 n - a potion of degeneration {unknown}
 o - a potion of magic
 v - a potion of heal wounds
 x - a potion of invisibility {unknown}


   Skills:
 + Level 5.9 Fighting
 + Level 6.3 Dodging
 + Level 8.0 Stealth
 * Level 8.8 Unarmed Combat
 + Level 4.6 Evocations
 * Level 8.2 Shapeshifting


You had 9 spell levels left.
You didn't know any spells.
Your spell library contained the following spells:

 Spells                   Type           Power      Damage    Failure   Level
 Apportation              Tloc           0%         N/A       28%         1
 Freeze                   Ice            0%         1d3       28%         1
 Jinxbite                 Hex            0%         N/A       41%         2
 Call Canine Familiar     Summ           0%         N/A       65%         3
 Frozen Ramparts          Ice            0%         1d1       65%         3
 Hailstorm                Conj/Ice       0%         3d5       65%         3
 Sigil of Binding         Hex            0%         N/A       65%         3
 Tukima's Dance           Hex            0%         N/A       65%         3
 Dimensional Bullseye     Hex/Tloc       0%         N/A       96%         4
 Iskenderun's Mystic Bla  Conj/Tloc      0%         2d3       96%         4
 Summon Blazeheart Golem  Fire/Summ      0%         N/A       96%         4
 Alistair's Intoxication  Alch           0%         N/A       100%        5
 Metabolic Englaciation   Hex/Ice        0%         N/A       100%        5


Dungeon Overview and Level Annotations

Branches:
Dungeon (10/15)            Temple (1/1) D:7            Lair (0/5) D:8
    Orc (0/2) D:9

Altars:
Ashenzari
Cheibriados
Dithmenos
Elyvilon
Fedhas
Gozag
Hepliaklqana
Kikubaaqudgha
Makhleb
Nemelex Xobeh
Okawaru
Qazlal
Ru
Sif Muna
Trog
Uskayaw
Vehumet
Wu Jian
Xom
Yredelemnul
Zin
The Shining One

Shops:
D:9 [

Annotations:
D:3 exclusion: oklob plant


Innate Abilities, Weirdness & Mutations

You are something dangerously unstable.
You glow with magical radiation, making you easy to see and hit.
Foes you strike become dangerously contaminated with magical radiation.
You are incapable of wielding weapons or throwing items.
You cannot wear most types of armour.
You are amphibious.
You can wear up to eight rings at the same time.
Your skin changes colour to match your surroundings (Stealth+).
Your rubbery body absorbs attacks. (AC +1, EV +1)
((You are camouflaged when in or above water. (Stealth+)))
You have tentacles for arms and can constrict up to eight enemies at once.


Message History

The wraith misses you.
The kobold hits you with a +0 short sword.
* * * LOW HITPOINT WARNING * * *
The kobold hits you with a +0 dagger.
* * * LOW HITPOINT WARNING * * *
The kobold misses you.
The kobold hits you with a +0 short sword.
* * * LOW HITPOINT WARNING * * *
Unknown command.
You tentacle-slap the wraith.
The wraith shudders as magic cascades through it!!
You destroy the wraith!
The kobold hits you but does no damage. The kobold misses you.
The kobold throws a stone.
The stone hits you but does no damage. The kobold barely misses you.
Unknown command.
You bludgeon the kobold brigand!
The kobold brigand begins to glow.
You grab the kobold brigand.
The kobold brigand is moderately wounded.
You constrict the kobold brigand. The kobold barely misses you.
The kobold closely misses you.
Unknown command.
You tentacle-slap the kobold brigand.
The kobold brigand glows dangerously bright.
You squeeze the kobold brigand!
The kobold brigand is almost dead.
You constrict the kobold brigand.
The kobold hits you with a +0 short sword.
* * * LOW HITPOINT WARNING * * *
The kobold brigand hits you with a +0 whip.
* * * LOW HITPOINT WARNING * * *
The kobold is distracted by your dazzling golden aura.
The kobold hits you with a +0 short sword.
* * * LOW HITPOINT WARNING * * *
The kobold closely misses you. The kobold hits you but does no damage.
The kobold misses you. The kobold hits you with a +0 dagger.
* * * LOW HITPOINT WARNING * * *
The kobold brigand hits you with a +0 whip!
You die...
Your body crumbles into a pile of gold.

.## ###'### #.# .# ###.#
#.# .# #...# #<# ###
#.### #.# ..#
##'######## #.# ..#
#.........# ..#
####....<....# ..#
##..'.........#
..###..##......KpK#
..##..###......KKK......
..'..## #.......K.##....
..#### #.........# ...
..# #.........# # ###
###########


You could see a kobold brigand (heavy contam) and 5 kobolds.

Vanquished Creatures
  A cyclops (D:7)
  2 kobold demonologists (D:10)
  A rime drake (D:8)
  Sigmund (D:2)
  2 wraiths
  5 yaks
  3 steam dragons
  3 water moccasins
  An orc warrior (D:9)
  2 ice beasts
  2 ogres
  A wolf (D:8)
  3 centaurs
  A kobold brigand (D:8)
  A gnoll sergeant (D:7)
  A bullfrog (D:7)
  5 scorpions
  10 wights
  2 bombardier beetles
  A jelly (D:8)
  11 orc priests
  Crazy Yiuf (D:2)
  A hound (D:3)
  Jessica (D:2)
  5 iguanas
  A sleepcap (D:6)
  Natasha (D:4)
  7 orc wizards
  Robin (D:4)
  5 gnolls
  14 adders
  A shadow imp (D:6)
  3 white imps
  2 ufetubi (D:6)
  2 dart slugs
  A ribbon worm (D:4)
  44 orcs
  6 bats
  9 endoplasms
  5 giant cockroaches
  25 goblins
  9 hobgoblins
  5 jackals
  2 quokkas (D:1)
  5 ball pythons
  2 frilled lizards
  16 kobolds
  3 rats
236 creatures vanquished.

Vanquished Creatures (collateral kills)
  3 wights (D:8)
  An orc (D:8)
4 creatures vanquished.

Vanquished Creatures (others)
  2 yaks
  A water moccasin (D:6)
3 creatures vanquished.

Grand Total: 243 creatures vanquished

Notes
Turn   | Place    | Note
-------+----------+-------------------------------------------
     0 | D:1      | runemasterragnar the Octopode Shapeshifter began the quest
                  | for the Orb.
     0 | D:1      | Reached XP level 1. HP: 13/13 MP: 1/1
    62 | D:1      | Reached XP level 2. HP: 18/18 MP: 2/2
   178 | D:1      | Reached XP level 3. HP: 16/23 MP: 3/3
   275 | D:1      | Reached skill level 1 in Stealth
  1021 | D:2      | Identified the +7 sling "Kimnaw" {drain, MP+9 Stlth+}
  1154 | D:2      | Reached XP level 4. HP: 29/29 MP: 4/4
  1163 | D:2      | Noticed Sigmund
  1174 | D:2      | Killed Sigmund
  1175 | D:2      | Reached XP level 5. HP: 16/34 MP: 5/5
  1411 | D:2      | Reached XP level 6. HP: 39/39 MP: 6/6
  1427 | D:2      | Noticed Jessica
  1431 | D:2      | Killed Jessica
  1586 | D:2      | Found a runed translucent door.
  1587 | D:2      | Noticed Crazy Yiuf
  1793 | D:2      | Killed Crazy Yiuf
  2095 | D:3      | Noticed an ice beast
  2101 | D:3      | Killed an ice beast
  2118 | D:3      | Found a hide-covered altar of Uskayaw.
  2118 | D:3      | Noticed a +0 dagger
  2118 | D:3      | Noticed a +0 hand axe
  2222 | D:3      | Got Vv's Compendium of Arctic Kindling
  2404 | D:3      | Found a blossoming altar of Fedhas.
  2417 | D:3      | Noticed an oklob plant
  2499 | D:3      | Reached XP level 7. HP: 35/45 MP: 7/7
  2638 | D:3      | Reached skill level 5 in Unarmed Combat
  3051 | D:3      | Identified a scroll of acquirement
  3051 | D:3      | Acquired the +2 hat of Bedazzled Happiness {^Drain rF++
                  | rN+}
  3138 | D:4      | Found a basalt altar of Yredelemnul.
  3153 | D:4      | Found a stormy altar of Qazlal.
  3179 | D:4      | Found a broken altar of Ashenzari.
  3197 | D:4      | Found an iron altar of Okawaru.
  3287 | D:4      | Reached skill level 5 in Shapeshifting
  3424 | D:4      | Found an ancient bone altar of Kikubaaqudgha.
  3451 | D:4      | Reached XP level 8. HP: 39/52 MP: 8/8
  3618 | D:4      | Noticed Natasha
  3624 | D:4      | Killed Natasha
  3629 | D:4      | Noticed Robin
  3648 | D:4      | Killed Robin
  3862 | D:5      | Entered Level 5 of the Dungeon
  4472 | D:5      | Found a shimmering altar of Xom.
  4694 | D:5      | Found a snail-covered altar of Cheibriados.
  4960 | D:6      | Reached skill level 5 in Stealth
  4962 | D:6      | Reached skill level 1 in Evocations
  5256 | D:6      | Found a shimmering blue altar of Sif Muna.
  5654 | D:6      | Reached XP level 9. HP: 52/58 MP: 9/9
  6005 | D:7      | Noticed a cyclops
  6021 | D:7      | Killed a cyclops
  6022 | D:7      | Reached skill level 5 in Dodging
  6558 | D:7      | Found a staircase to the Ecumenical Temple.
  6709 | Temple   | Entered the Ecumenical Temple
  6742 | Temple   | Became a worshipper of Gozag Ym Sagoz the Greedy
  6833 | D:8      | Noticed a rime drake
  6849 | D:8      | Killed a rime drake
  6872 | D:8      | Reached skill level 5 in Fighting
  6979 | D:8      | Reached XP level 10. HP: 51/66 MP: 10/10
  7059 | D:8      | Found a staircase to the Lair.
  8392 | D:9      | Found a staircase to the Orcish Mines.
  8395 | D:9      | Found Xiocril's Armour Boutique.
  8591 | D:9      | Noticed a two-headed ogre
  8635 | D:9      | Noticed a centaur warrior
  8637 | D:10     | Entered Level 10 of the Dungeon
  8697 | D:10     | Found a bloodstained altar of Trog.
  9367 | D:10     | Noticed a kobold demonologist
  9368 | D:10     | Noticed a kobold demonologist
  9373 | D:10     | Killed a kobold demonologist
  9373 | D:10     | Noticed a sixfirhy
  9388 | D:10     | Killed a kobold demonologist
  9392 | D:10     | Slain by a kobold brigand

Illustrated notes

Levels and vault maps discovered:
D:1:      psy_arrival_radial02, layout_basic, minivault_26
D:2:      layout_loops_ring, uniq_jessica, uniq_sigmund, uniq_crazy_yiuf_cottage
D:3:      layout_basic, tgw_fedhas, dancing_weapons_uskayaw, minmay_starry_boxes
D:4:      layout_basic, okawaru_altar_gauntlet_db,
          nicolae_overflow_quartered_altars, serial_park_tiny_1,
          minmay_misc_feat_five, eino_small_chamber_without_monster,
          minmay_misc_feat_nine_boxes, minmay_misc_feat_columns,
          kennysheep_big_empty_room, uniq_robin, uniq_natasha
D:5:      cheibrodos_helix_gallery, layout_gridville,
          mainiacjoe_overflow_alcove_1,
          mainiacjoe_overflow_concentric_impassable, grunt_ministairs_6
D:6:      layout_cave_pods, general_overflow_altar, minmay_misc_feat_roman,
          chequers_serial_rivers_room_a
D:7:      layout_loops_corners, minmay_temple_entry_proselytizer,
          corexii_corridor_pit, chequers_serial_rivers_small_b
D:8:      layout_cave_pools, hellmonk_lair_entry_icy,
          chequers_serial_rivers_micro_a, roderic_lattice_a
D:9:      layout_loops_corners, orc_david_3, gammafunk_ghost_ooze,
          grunt_decor_fettered, uniq_erolcha
D:10:     layout_roguey, mainiacjoe_overflow_paths
Temple:   minmay_temple_curvy_loop

Skill      XL: |  1  2  3  4  5  6  7  8  9 10 |
---------------+-------------------------------+-----
Stealth        | 1 2 3 4 5 6 8 |  8.0
Fighting       | 2 3 4 5 |  5.9
Dodging        | 3 4 5 6 |  6.3
Unarmed Combat | 4 5 6 7 8 |  8.8
Shapeshifting  | 4 5 6 7 8 |  8.2
Evocations     | 1 3 4 |  4.6

Action                     |  1- 3 |  4- 6 |  7- 9 | 10-12 || total
---------------------------+-------+-------+-------+-------++-------
  Melee: Unarmed           |    54 |       |   274 |   153 ||   481
         Constrict         |    20 |       |    87 |    34 ||   141
         Tentacles         |    13 |       |    87 |    58 ||   158
         Punch             |     2 |       |     1 |       ||     3
   Fire: Sling             |     3 |    59 |       |       ||    62
 Invoke: Potion Petition   |       |       |       |     1 ||     1
  Evoke: Wand              |       |       |     3 |     8 ||    11
    Use: Potion            |       |     1 |     4 |       ||     5
         Scroll            |       |       |    11 |       ||    11
   Stab: Sleeping          |    14 |       |     9 |     1 ||    24
         Distracted        |       |       |     1 |     1 ||     2
 Armour: Skin              |     9 |     7 |    79 |    85 ||   180
  Dodge: Dodged            |    22 |    10 |   197 |   152 ||   381
   Form: Flux              |       |       |     1 |       ||     1

Table legend: (Time is in decaauts)
 A = Elapsed time spent in this place.
 B = Non-inter-level travel time spent in this place.
 C = Inter-level travel time spent in this place.
 D = Time resting spent in this place.
 E = Time spent auto-exploring this place.
 F = Levels seen in this place.
 G = Mean time per level.
                   A        B        C        D        E       F      G
               +--------+--------+--------+--------+--------+-----+--------+
         Total |   9371 |   8885 |    486 |    915 |   6458 |  11 |  851.9 |
       Dungeon |   9304 |   8867 |    437 |    915 |   6458 |  10 |  930.4 |
        Temple |     66 |     17 |     49 |      0 |      0 |   1 |   66.0 |
               +--------+--------+--------+--------+--------+-----+--------+

Top non-repeatable levels by time:
     D:8: 1226 daAuts
     D:2: 1134 daAuts
     D:3: 1070 daAuts
     D:7: 1018 daAuts
     D:1: 939 daAuts
     D:6: 936 daAuts
     D:4: 811 daAuts
     D:5: 809 daAuts
    D:10: 754 daAuts
     D:9: 602 daAuts
  Temple: 66 daAuts
